 Dungeon Crawl Stone Soup version 0.17.1-3-g152610e (webtiles) character file.

8954 Gargoyl the Protected (level 11, -3/86 HPs)
             Began as a Demonspawn Abyssal Knight on Mar 23, 2016.
             Was a High Priest of Lugonu.
             Killed from afar by an ice statue (20 damage)
             ... with a bolt of cold
             ... in an ice cave.
             The game lasted 00:27:09 (7829 turns).

Gargoyl the Protected (Demonspawn Abyssal Knight)   Turns: 7829, Time: 00:27:10

Health: -3/86      AC: 26    Str: 20    XL:     11   Next: 16%
Magic:  15/22      EV:  6    Int: 13    God:    Lugonu [*****.]
Gold:   673        SH: 10    Dex: 14    Spells: 0 memorised, 10 levels left

rFire  + . .     SeeInvis +     B - +1 war axe
rCold  . . .     Clarity  .     e - +0 plate armour
rNeg   + + .     SustAt   .     l - +0 shield
rPois  .         Gourm    .     u - +2 helmet "Cuintuem" {rN+ MP+9 SInv}
rElec  .         Spirit   .     h - +1 cloak
rCorr  .         Warding  +     (no gloves)
rMut   .         Stasis   .     (no boots)
MR     .....                    M - amulet of warding
Stlth  ..........               (no ring)
                                (no ring)

@: mighty, not resistant to hostile enchantments, extremely unstealthy
A: talons 1, iridescent scales 2, fire resistance 1, powered by death 2, flame
cloud immunity
a: Depart the Abyss, Bend Space, Banish, Corrupt, Enter the Abyss, Renounce
Religion


You were in an ice cave.
You worshipped Lugonu.
Lugonu was extremely pleased with you.
You were hungry.

You visited 2 branches of the dungeon, and saw 10 of its levels.
You visited the Abyss 1 time.
You also visited: Ice Cave.

You collected 673 gold pieces.

Inventory:

Hand Weapons
 B - a +1 war axe (weapon)
 N - a +3 flail
Missiles
 y - 10 tomahawks (quivered)
Armour
 e - a +0 plate armour (worn)
 h - a +1 cloak (worn)
 l - a +0 shield (worn)
 u - the +2 helmet "Cuintuem" (worn) {rN+ MP+9 SInv}
   (You took it off Robin on level 2 of the Dungeon)

   It protects you from negative energy.
   It affects your magic capacity (+9).
   It lets you see invisible.
Jewellery
 i - an uncursed amulet of regeneration
 J - an uncursed amulet of resist corrosion
 M - an amulet of warding (around neck)
Wands
 g - a wand of draining (9)
 o - a wand of flame (19)
 p - a wand of confusion (9)
 t - a wand of random effects (48)
 x - a wand of digging (5)
Scrolls
 b - 4 scrolls of identify
 j - 8 scrolls of recharging
 m - 2 scrolls of blinking
 w - 6 scrolls of teleportation
 z - a scroll of fear
 L - a scroll of magic mapping
 Q - a scroll of immolation {unknown}
Potions
 f - 2 potions of curing
 k - a potion of magic {unknown}
 v - a potion of ambrosia {unknown}
 C - 4 potions of cure mutation {unknown}
 D - 2 potions of poison {unknown}
 E - 2 potions of lignification {unknown}
 G - a potion of berserk rage {unknown}
 H - 2 potions of invisibility {unknown}
 K - a potion of agility {unknown}
Books
 I - a book of Power

   Spells                             Type                      Level
   a - Fulminant Prism                Conjuration/Hexes            4
   b - Iskenderun's Mystic Blast      Conjuration                  4
   c - Venom Bolt                     Conjuration/Poison           5
   d - Bolt of Magma                  Conjuration/Fire/Earth       5
   e - Iron Shot                      Conjuration/Earth            6
   f - Orb of Destruction             Conjuration                  7
   g - Spellforged Servitor           Conjuration/Summoning        7
 P - a book of the Tempests

   Spells                             Type                      Level
   a - Static Discharge               Conjuration/Air              3
   b - Lightning Bolt                 Conjuration/Air              5
   c - Fireball                       Conjuration/Fire             5
   d - Tornado                        Air                          9
   e - Shatter                        Earth                        9
 R - a book of Envenomations

   Spells                             Type                      Level
   a - Spider Form                    Transmutation/Poison         3
   b - Alistair's Intoxication        Transmutation/Poison         4
   c - Olgreb's Toxic Radiance        Poison                       4
   d - Poisonous Cloud                Conjuration/Poison/Air       6
Comestibles
 a - 2 royal jellies
 c - 5 bread rations
 q - 8 beef jerkies
 s - 3 meat rations
 O - 2 slices of pizza
 S - 4 fruits


   Skills:
 + Level 8.3 Fighting
 + Level 8.1 Axes
 + Level 0.1 Throwing
 * Level 10.3 Armour
 + Level 3.9 Dodging
 + Level 0.8 Stealth
 + Level 4.6 Shields
 + Level 3.2 Invocations


You had 10 spell levels left.
You didn't know any spells.

Dungeon Overview and Level Annotations

Branches:
Dungeon (9/15)             Temple (0/1) D:6            Lair (1/8) D:9
    Orc: D:9-12

Altars:
Ashenzari
Elyvilon
Gozag
Kikubaaqudgha
Makhleb
Qazlal
Trog
Vehumet
Xom
Zin

Annotations:
IceCv exclusion: 2 ice statues


Innate Abilities, Weirdness & Mutations

You have sharp toenails.
You are mostly covered in iridescent scales (AC +6).
Your flesh is heat resistant.
You regenerate health from kills.
You are immune to clouds of flame.


Message History

The ice beast hits you but does no damage.
The ice statue throws cold at you. The freezing blast engulfs you!
Drink which item? (? for menu, Esc to quit)
You feel much better.
You are engulfed in freezing vapours.
The ice beast barely misses you. You block the ice beast's attack.
The ice statue glitters chillingly in the dim dungeon light.
Drink which item? (? for menu, Esc to quit)
You feel very mighty all of a sudden.
You are engulfed in freezing vapours.
The ice beast hits you but does no damage.
You block the ice beast's attack.
You remove your amulet of regeneration.
You are engulfed in freezing vapours.
M - an amulet of warding (around neck)
You are engulfed in freezing vapours.
* * * LOW HITPOINT WARNING * * *
You block the ice beast's attack. The ice beast closely misses you.
The ice statue throws cold at you. The bolt of cold hits you!
You die...

###........##
##...........##
..............##
...............#
...............#
..........§§..#
.........§Y§§#
#........Y@#
##8#....#8##
##..#### #..##
## ##..##
#.####..#
#..#...# #....##
#...##


You could see an ice statue and 2 ice beasts.

Vanquished Creatures
  3 trolls (D:9)
  4 yaks (D:9)
  Sigmund (D:2)
  A wyvern (D:9)
  A hippogriff (D:9)
  Eustachio (D:5)
  6 wolves (D:9)
  A necrophage (D:8)
  7 orc warriors
  4 phantoms
  3 centaurs
  A water moccasin (D:6)
  20 ice beasts
  2 sky beasts
  3 ogres
  An eye of draining (D:9)
  A crocodile (D:7)
  2 gnoll sergeants (D:7)
  6 giant frogs
  A wyvern zombie (D:9)
  6 killer bees (D:9)
  A scorpion (D:7)
  2 wights
  5 crimson imps
  2 electric eels (D:9)
  2 centaur skeletons
  11 orc priests
  Crazy Yiuf (D:7)
  Ijyb (D:2)
  4 hounds
  A giant frog skeleton (D:8)
  11 orc wizards
  Natasha (D:3)
  4 worker ants
  A killer bee zombie (D:8)
  A worker ant zombie (D:6)
  Robin (D:2)
  9 adders
  4 gnolls
  2 shadow imps (D:6)
  2 oozes
  2 adder skeletons
  An adder zombie (D:6)
  6 worms
  36 orcs
  7 giant cockroaches
  14 goblins
  8 hobgoblins
  19 jackals
  3 quokkas
  2 ball pythons
  7 bats
  6 giant geckos
  6 giant newts
  5 kobolds
  A quokka skeleton (D:6)
  A quokka zombie (D:3)
  17 rats
282 creatures vanquished.

Vanquished Creatures (others)
  2 adders
2 creatures vanquished.

Grand Total: 284 creatures vanquished

Notes
Turn   | Place    | Note
--------------------------------------------------------------
     0 | Abyss:1  | Gargoyl the Demonspawn Abyssal Knight began the quest for the Orb.
     0 | Abyss:1  | Reached XP level 1. HP: 18/18 MP: 2/2
    26 | Abyss:1  | Noticed an ice beast
    62 | Abyss:1  | Noticed a flying skull
    70 | D:1      | Escaped the Abyss
   238 | D:1      | Reached * piety under Lugonu
   299 | D:1      | Gained mutation: You have sharp toenails. [demonic ancestry]
   299 | D:1      | Reached XP level 2. HP: 5/24 MP: 3/3
   384 | D:1      | Reached skill level 1 in Dodging
   823 | D:1      | Gained mutation: You regenerate a little health from kills. [demonic ancestry]
   823 | D:1      | Reached XP level 3. HP: 26/29 MP: 5/5
  1187 | D:2      | Noticed Ijyb
  1203 | D:2      | Killed Ijyb
  1203 | D:2      | Reached XP level 4. HP: 32/35 MP: 6/6
  1271 | D:2      | Found a faded altar to an unknown god.
  1274 | D:2      | Noticed Sigmund
  1308 | D:2      | Killed Sigmund
  1308 | D:2      | Reached skill level 4 in Armour
  1308 | D:2      | Gained mutation: You are partially covered in iridescent scales (AC +4). [demonic ancestry]
  1308 | D:2      | Reached XP level 5. HP: 41/41 MP: 7/7
  1413 | D:2      | Reached ** piety under Lugonu
  1648 | D:2      | Noticed Robin
  1659 | D:2      | Gained mutation: Your flesh is heat resistant. [demonic ancestry]
  1659 | D:2      | Reached XP level 6. HP: 47/47 MP: 8/8
  1664 | D:2      | Killed Robin
  1683 | D:2      | Got a translucent helmet
  1689 | D:2      | Identified the +2 helmet "Cuintuem" {rN+ MP+9 SInv} (You took it off Robin on level 2 of the Dungeon)
  2158 | D:3      | Reached *** piety under Lugonu
  2158 | D:3      | Reached skill level 5 in Armour
  2603 | D:3      | Noticed Natasha
  2616 | D:3      | Killed Natasha
  2657 | D:4      | Found a shattered altar of Ashenzari.
  2684 | D:4      | Gained mutation: You are mostly covered in iridescent scales (AC +6). [demonic ancestry]
  2684 | D:4      | Reached XP level 7. HP: 48/54 MP: 9/9
  2844 | D:4      | Found a shimmering altar of Xom.
  3322 | D:5      | Entered Level 5 of the Dungeon
  3340 | D:5      | Reached **** piety under Lugonu
  3581 | D:5      | Found a white marble altar of Elyvilon.
  3748 | D:5      | Reached skill level 6 in Armour
  3857 | D:5      | Found a glowing silver altar of Zin.
  3896 | D:5      | Found an opulent altar of Gozag.
  3929 | D:5      | Noticed Eustachio
  3933 | D:5      | Found a stormy altar of Qazlal.
  3949 | D:5      | Noticed an air elemental
  3949 | D:5      | Noticed a water elemental
  3949 | D:5      | Noticed a fire elemental
  3955 | D:5      | Killed Eustachio
  3955 | D:5      | Reached skill level 5 in Fighting
  3955 | D:5      | Gained mutation: You regenerate health from kills. [demonic ancestry]
  3955 | D:5      | Reached XP level 8. HP: 60/62 MP: 10/10
  4024 | D:5      | Found a bloodstained altar of Trog.
  4531 | D:6      | Reached skill level 5 in Axes
  4699 | D:6      | Found an ancient bone altar of Kikubaaqudgha.
  4738 | D:6      | Reached skill level 7 in Armour
  4741 | D:6      | Reached ***** piety under Lugonu
  4850 | D:6      | Found a staircase to the Ecumenical Temple.
  5095 | D:7      | Reached XP level 9. HP: 69/69 MP: 11/11
  5193 | D:7      | Found a radiant altar of Vehumet.
  5532 | D:7      | Reached skill level 8 in Armour
  5641 | D:7      | Noticed Crazy Yiuf
  5648 | D:7      | Killed Crazy Yiuf
  6059 | D:8      | Reached skill level 1 in Shields
  6551 | D:9      | Identified a scroll of acquirement
  6552 | D:9      | Got a pair of heavily runed gloves
  6558 | D:9      | Identified the -3 pair of gloves of the Eight Curses {-Cast MR+ MP+9} (You acquired it on level 9 of the Dungeon)
  6726 | D:9      | Gained mutation: You are immune to clouds of flame. [demonic ancestry]
  6726 | D:9      | Reached XP level 10. HP: 53/79 MP: 12/12
  6750 | D:9      | Reached skill level 9 in Armour
  6861 | D:9      | Found a staircase to the Lair.
  7150 | D:9      | Found a burning altar of Makhleb.
  7382 | D:9      | Reached skill level 10 in Armour
  7399 | D:9      | HP: 4/80 [phantom (4)]
  7640 | Lair:1   | Entered Level 1 of the Lair of Beasts
  7653 | Lair:1   | Found a frozen archway.
  7676 | Lair:1   | Reached XP level 11. HP: 72/86 MP: 13/13
  7700 | IceCv    | Entered an ice cave
  7750 | IceCv    | Reached ****** piety under Lugonu
  7829 | IceCv    | Killed from afar by an ice statue

Action                   |  1- 3 |  4- 6 |  7- 9 | 10-12 || total
-------------------------+-------+-------+-------+-------++-------
Melee: Hand axe          |   142 |   246 |       |       ||   388
       War axe           |       |    53 |   782 |   414 ||  1249
Throw: Tomahawk          |       |       |     2 |       ||     2
Invok: Depart the Abyss  |     1 |       |       |       ||     1
       Banish            |       |       |       |     2 ||     2
  Use: Potion            |     1 |     1 |     4 |     4 ||    10
       Scroll            |       |     7 |    11 |     1 ||    19
 Stab: Sleeping          |     1 |       |       |       ||     1
  Eat: Chunk             |     1 |     7 |    13 |     7 ||    28
       Bread ration      |       |       |     1 |       ||     1
